 Dungeon Crawl Stone Soup version 0.31-a0-702-gf82c85558f (webtiles) character file.

Game seed: 4302023324780061866

1418 qw the Skirmisher (level 8, -1/51 HPs)
             Began as a Gargoyle Hunter on Sept 8, 2023.
             Was an Initiate of Okawaru.
             Slain by an ogre
             ... wielding a +0 giant club
              (23 damage)
             ... on level 6 of the Dungeon.
             The game lasted 00:01:59 (4019 turns).

qw the Skirmisher (Gargoyle Hunter)                 Turns: 4019, Time: 00:02:00

Health: -1/51      AC: 15    Str: 16    XL:     8   Next: 71%
Magic:  7/8        EV: 11    Int:  9    God:    Okawaru [......]
Gold:   189        SH:  0    Dex: 15    Spells: 7/7 levels left

rFire   . . .        i - +1 orcbow
rCold   . . .        (shield currently unavailable)
rNeg    + . .        b - +3 ring mail
rPois   inf          (no helmet)
rElec   +            d - scarf {repulsion}
rCorr   .            (no gloves)
SInv    .            c - +0 pair of boots
Will    .....        (no amulet)
Stlth   +            (no ring)
HPRegen 0.28/turn    (no ring)
MPRegen 0.11/turn

%: repel missiles
@: no status effects
A: sickness immunity, AC +5, negative energy resistance 1, electricity
resistance, torment resistance 1, petrification resistance
a: Renounce Religion


You were on level 6 of the Dungeon.
You worshipped Okawaru.
Okawaru was noncommittal.
You visited 2 branches of the dungeon, and saw 7 of its levels.

You collected 189 gold pieces.


Innate Abilities, Weirdness & Mutations

You are immune to sickness and miasma.
Your stone body is resilient. (AC +5)
You are immune to poison.
You resist negative energy. (rN+)
You are resistant to electric shocks. (rElec)
You are resistant to unholy torment.
You are immune to petrification.


   Skills:
 - Level 6.1 Fighting
 + Level 9.4 Ranged Weapons
 - Level 2.6 Armour
 - Level 2.0 Dodging
 - Level 1.1 Stealth


You had 7 spell levels left.
You didn't know any spells.
Your spell library was empty.

Inventory:

Hand Weapons
 i - a +1 orcbow (weapon)
Armour
 b - a +3 ring mail (worn)
 c - a +0 pair of boots (worn)
 d - a scarf of repulsion (worn)
Scrolls
 a - a scroll of identify
Potions
 e - a potion of berserk rage {unknown}
 j - a potion of haste
 k - a potion of resistance
 l - a potion of magic {unknown}
 m - a potion of enlightenment {unknown}

Dungeon Overview and Level Annotations

Branches:
Dungeon (6/15)             Temple (1/1) D:5

Altars:
Ashenzari
Dithmenos
Elyvilon
Fedhas
Gozag
Hepliaklqana
Kikubaaqudgha
Makhleb
Nemelex Xobeh
Okawaru
Qazlal
Ru
Trog
Uskayaw
Vehumet
Wu Jian
Xom
Yredelemnul
Zin

Shops:
D:4 *


Message History

Enter note:
Enter note:
Enter note:
Enter note:
4015 |||
Found retreat position at 1,-3 (floor) with 0 blocking monsters and 2 monsters attacking at destination at distance 5
4015 ||| Stepping ~*~*~tactically~*~*~ (retreating).
The ogre attacks as it pursues you! The ogre barely misses you.
Enter note:
Enter note:
Enter note:
Enter note:
4016 |||
Found retreat position at 0,-3 (floor) with 0 blocking monsters and 2 monsters attacking at destination at distance 4
4016 ||| Stepping ~*~*~tactically~*~*~ (retreating).
The orc priest looks encouraged for a moment.
The ogre attacks as it pursues you! The ogre closely misses you.
Enter note:
Enter note:
Enter note:
Enter note:
4017 |||
Found retreat position at -1,-2 (floor) with 0 blocking monsters and 2 monsters attacking at destination at distance 3
4017 ||| Stepping ~*~*~tactically~*~*~ (retreating).
4018 ||| FLEEEEING.
Enter note:
Enter note:
Enter note:
Enter note:
4019 |||
Found retreat position at 2,-1 (floor) with 0 blocking monsters and 2 monsters attacking at destination at distance 3
Enter note:
Enter note:
Enter note:
Enter note:
4019 |||
Found retreat position at -6,33 (floor) with 0 blocking monsters and 1 monsters attacking at destination at distance 33
Enter note:
Enter note:
Enter note:
Enter note:
4019 ||| RETREATING.
You feel like a meek peon again.
The ogre hits you with a +0 giant club!!
You die...

.. #..#....¤.(¤._......#...######
..##..##..).. ^~...^~......##.##.
...#......#~###...#~^^.#..##.....
..^.......#¤##.~.~#~..##.##......
...........^¤#~~..##^.........#..
.........#).¤¤.^.^~^.........###.
#..###...#.#####..#.#...##..###..
#. ##...o#.##O..#.....###..###. .
##..5s.o..@........##.####.
#..o##...............#.#..
#...##....................
#...##....................
#....#....................
#......#..................
#.....>##...............##
#.....>.##................
#..#....#.................


You could see an ogre, a scorpion, an orc priest, a white imp and 2 orcs.

Vanquished Creatures
  Sigmund (D:3)
  2 ice beasts (D:5)
  An orc warrior (D:6)
  2 centaurs
  A phantom (D:4)
  A scorpion (D:5)
  2 hounds
  A jelly (D:6)
  2 gnoll boudas (D:5)
  4 orc priests
  A sleepcap (D:5)
  3 iguanas
  2 orc wizards
  Ijyb (D:3)
  8 adders
  8 gnolls (D:5)
  An ufetubus (D:6)
  3 worms
  3 dart slugs
  11 orcs
  8 bats
  8 endoplasms
  A giant cockroach (D:3)
  5 goblins
  7 hobgoblins
  8 kobolds
  3 quokkas
  7 ball pythons
  2 frilled lizards
  A rat (D:1)
108 creatures vanquished.

Notes
Turn   | Place    | Note
-------+----------+-------------------------------------------
     0 | D:1      | qw the Gargoyle Hunter began the quest for the Orb.
     0 | D:1      | Reached XP level 1. HP: 12/12 MP: 1/1
     0 | D:1      | 0 ||| qw: Version: 0.3-a-76-g4403597
     0 | D:1      | 0 ||| qw: Game counter: 1158
     0 | D:1      | 0 ||| qw: Melee chars always use a shield: true
     0 | D:1      | 0 ||| qw: God list: Okawaru
     0 | D:1      | 0 ||| qw: Allow faded altars: false
     0 | D:1      | 0 ||| qw: Do Orc after clearing Dungeon:15 true
     0 | D:1      | 0 ||| qw: Do second Lair branch before Depths: true
     0 | D:1      | 0 ||| qw: Lair rune preference: random
     0 | D:1      | 0 ||| qw: Goals: Normal
     0 | D:1      | 0 ||| PLANNING D:1-11
   169 | D:1      | Reached XP level 2. HP: 17/17 MP: 2/2
   176 | D:1      | You fall into a shaft and drop 1 floor!
   232 | D:2      | 232 ||| UPGRADING to scarf of repulsion.
   237 | D:2      | 237 ||| READING scroll labelled QAFAUPP NAOVVU.
   242 | D:2      | 242 ||| READING scroll labelled JYKOSE IM AWKI.
   243 | D:2      | 243 ||| READING scroll labelled EVIMANUCYXI.
   244 | D:2      | 244 ||| DROPPING scroll of butterflies.
   245 | D:2      | 245 ||| Stepping randomly (stuck).
   246 | D:2      | 246 ||| Stepping randomly (stuck).
   262 | D:2      | 262 ||| Stepping randomly (stuck).
   263 | D:2      | 263 ||| Stepping randomly (stuck).
   264 | D:2      | 264 ||| Stepping randomly (stuck).
   265 | D:2      | 265 ||| Stepping randomly (stuck).
   266 | D:2      | 266 ||| Stepping randomly (stuck).
   267 | D:2      | 267 ||| Stepping randomly (stuck).
   270 | D:2      | 270 ||| Stepping randomly (stuck).
   273 | D:2      | 273 ||| Stepping randomly (stuck).
   274 | D:2      | 274 ||| Stepping randomly (stuck).
   275 | D:2      | 275 ||| Stepping randomly (stuck).
   276 | D:2      | 276 ||| Stepping randomly (stuck).
   277 | D:2      | 277 ||| Stepping randomly (stuck).
   280 | D:2      | 280 ||| Stepping randomly (stuck).
   281 | D:2      | 281 ||| Stepping randomly (stuck).
   282 | D:2      | 282 ||| Stepping randomly (stuck).
   283 | D:2      | 283 ||| Stepping randomly (stuck).
   284 | D:2      | 284 ||| Stepping randomly (stuck).
   285 | D:2      | 285 ||| Stepping randomly (stuck).
   286 | D:2      | 286 ||| Stepping randomly (stuck).
   287 | D:2      | 287 ||| Stepping randomly (stuck).
   288 | D:2      | 288 ||| Stepping randomly (stuck).
   300 | D:2      | 300 ||| FLEEEEING.
   301 | D:2      | 301 ||| STAIRDANCE
   361 | D:1      | Reached XP level 3. HP: 21/21 MP: 3/3
   370 | D:1      | Reached skill level 5 in Ranged Weapons
   661 | D:1      | 661 ||| UPGRADING to +0 ring mail.
   671 | D:1      | 671 ||| DROPPING +0 leather armour.
   672 | D:1      | 672 ||| READING scroll labelled QYTAAM ZAFEOCK.
   673 | D:1      | 673 ||| READING 2 scrolls labelled LUPSUT ZARGH.
   674 | D:1      | 674 ||| READING scroll of enchant weapon.
   674 | D:1      | 674 ||| ENCHANTING +1 shortbow of freezing.
   675 | D:1      | 675 ||| READING 2 scrolls of identify.
   675 | D:1      | 675 ||| IDENTIFYING white potion
   676 | D:1      | 676 ||| DROPPING potion of attraction.
  1481 | D:2      | Reached skill level 1 in Armour
  1498 | D:2      | 1498 ||| UPGRADING to +0 pair of boots.
  1503 | D:2      | 1503 ||| READING scroll labelled XUOLYM CUOC.
  1504 | D:2      | 1504 ||| READING 2 scrolls of identify.
  1504 | D:2      | 1504 ||| IDENTIFYING grey potion
  1505 | D:2      | 1505 ||| DROPPING potion of ambrosia.
  1524 | D:3      | Found a shadowy altar of Dithmenos.
  1533 | D:3      | Reached skill level 3 in Fighting
  1533 | D:3      | Reached XP level 4. HP: 28/28 MP: 4/4
  1635 | D:3      | 1635 ||| READING scroll of brand weapon.
  1635 | D:3      | 1635 ||| BRANDING +2 shortbow of freezing.
  1669 | D:3      | Noticed Sigmund
  1681 | D:3      | Killed Sigmund
  1682 | D:3      | Reached skill level 6 in Ranged Weapons
  1682 | D:3      | Reached XP level 5. HP: 24/32 MP: 5/5
  1682 | D:3      | Reached XP level 6. HP: 27/37 MP: 6/6
  1721 | D:3      | Noticed Ijyb
  1739 | D:3      | Killed Ijyb
  1975 | D:3      | Found a radiant altar of Vehumet.
  2025 | D:3      | Found a hazy altar of Hepliaklqana.
  2026 | D:3      | Found a faded altar of an unknown god.
  2073 | D:3      | 2073 ||| READING scroll labelled RILLOZ UDYNK.
  2074 | D:3      | 2074 ||| READING scroll labelled ORGHYA TESIOPP.
  2075 | D:3      | 2075 ||| READING scroll labelled ROGUSA NULEA.
  2076 | D:3      | 2076 ||| READING scroll labelled AMMECE LEORUFFEIR.
  2077 | D:3      | 2077 ||| READING 2 scrolls of identify.
  2077 | D:3      | 2077 ||| IDENTIFYING coppery potion
  2211 | D:4      | 2211 ||| SWAPPING to +0 orcbow.
  2212 | D:4      | 2212 ||| DROPPING +2 shortbow of draining.
  2216 | D:4      | Found Zin's Purification Station.
  2216 | D:4      | Found a glowing silver altar of Zin.
  2226 | D:4      | 2226 ||| SHOPLISTING 2 potions of curing (180 gold, have
                  | 86).
  2491 | D:4      | Reached skill level 7 in Ranged Weapons
  2491 | D:4      | Reached XP level 7. HP: 40/44 MP: 7/7
  2532 | D:4      | 2532 ||| READING 3 scrolls of identify.
  2532 | D:4      | 2532 ||| IDENTIFYING bubbling purple potion
  2533 | D:4      | 2533 ||| READING 2 scrolls of identify.
  2533 | D:4      | 2533 ||| IDENTIFYING emerald potion
  2534 | D:4      | 2534 ||| DROPPING potion of brilliance.
  2535 | D:4      | 2535 ||| DROPPING potion of lignification.
  2549 | D:5      | Entered Level 5 of the Dungeon
  2646 | D:5      | 2646 ||| FLEEEEING.
  2656 | D:5      | 2656 ||| FLEEEEING.
  2658 | D:5      | 2658 ||| FLEEEEING.
  2659 | D:5      | 2659 ||| FLEEEEING.
  2660 | D:5      | 2660 ||| FLEEEEING.
  2687 | D:5      | 2687 ||| Stepping ~*~*~tactically~*~*~ (retreating).
  2688 | D:5      | 2688 ||| Stepping ~*~*~tactically~*~*~ (retreating).
  2689 | D:5      | 2689 ||| Stepping ~*~*~tactically~*~*~ (retreating).
  2690 | D:5      | 2690 ||| Stepping ~*~*~tactically~*~*~ (retreating).
  2691 | D:5      | 2691 ||| Stepping ~*~*~tactically~*~*~ (retreating).
  2693 | D:5      | 2693 ||| Stepping ~*~*~tactically~*~*~ (outnumbered).
  2706 | D:5      | Reached skill level 8 in Ranged Weapons
  2709 | D:5      | HP: 11/44 [orc/+0 flail (8)]
  2710 | D:5      | 2710 ||| READING scroll of teleportation.
  2710 | D:5      | HP: 3/44 [orc/+0 flail (8)]
  2711 | D:5      | 2711 ||| DRINKING 3 potions of heal wounds.
  2907 | D:5      | 2907 ||| READING scroll of enchant weapon.
  2907 | D:5      | 2907 ||| ENCHANTING +0 orcbow.
  2914 | D:5      | HP: 7/44 [gnoll/+0 halberd[a gnoll bouda] (10)]
  2915 | D:5      | 2915 ||| DRINKING 2 potions of heal wounds.
  3030 | D:5      | Found a staircase to the Ecumenical Temple.
  3031 | D:5      | 3031 ||| PLANNING TEMPLE
  3031 | D:5      | 3031 ||| READING 2 scrolls of identify.
  3031 | D:5      | 3031 ||| IDENTIFYING smoky brown potion
  3040 | Temple   | Entered the Ecumenical Temple
  3041 | Temple   | 3041 ||| PLANNING D:1-11
  3058 | D:5      | Reached XP level 8. HP: 49/49 MP: 8/8
  3315 | D:5      | 3315 ||| RETREATING.
  3324 | D:5      | 3324 ||| Stepping ~*~*~tactically~*~*~ (retreating).
  3371 | D:5      | HP: 9/49 [iguana (5)]
  3372 | D:5      | 3372 ||| DRINKING potion of heal wounds.
  3512 | D:5      | Found a white marble altar of Elyvilon.
  3512 | D:5      | Found an iron altar of Okawaru.
  3512 | D:5      | Found an ornate altar of the Wu Jian Council.
  3512 | D:5      | Found a broken altar of Ashenzari.
  3513 | D:5      | 3513 ||| PLANNING OKAWARU WORSHIP
  3513 | D:5      | 3513 ||| UPGRADING to +0 ring mail of willpower.
  3523 | D:5      | 3523 ||| DROPPING +0 ring mail.
  3524 | D:5      | 3524 ||| READING 2 scrolls of identify.
  3524 | D:5      | 3524 ||| IDENTIFYING inky potion
  3529 | D:5      | Became a worshipper of Warmaster Okawaru
  3530 | D:5      | 3530 ||| PLANNING D:1-11
  3727 | D:5      | 3727 ||| UPGRADING to +3 ring mail.
  3737 | D:5      | 3737 ||| DROPPING +0 ring mail of willpower.
  3786 | D:6      | Reached skill level 9 in Ranged Weapons
  3854 | D:6      | 3854 ||| Stepping ~*~*~tactically~*~*~ (retreating).
  3856 | D:6      | Reached skill level 6 in Fighting
  3950 | D:6      | Found a stormy altar of Qazlal.
  3998 | D:6      | 3998 ||| Stepping ~*~*~tactically~*~*~ (retreating).
  3999 | D:6      | 3999 ||| Stepping ~*~*~tactically~*~*~ (retreating).
  4000 | D:6      | 4000 ||| Stepping ~*~*~tactically~*~*~ (retreating).
  4001 | D:6      | 4001 ||| Stepping ~*~*~tactically~*~*~ (retreating).
  4002 | D:6      | 4002 ||| Stepping ~*~*~tactically~*~*~ (retreating).
  4003 | D:6      | 4003 ||| Stepping ~*~*~tactically~*~*~ (retreating).
  4005 | D:6      | 4005 ||| Stepping ~*~*~tactically~*~*~ (retreating).
  4008 | D:6      | Reached * piety under Okawaru
  4009 | D:6      | 4009 ||| INVOKING Heroism.
  4011 | D:6      | 4011 ||| Stepping ~*~*~tactically~*~*~ (retreating).
  4012 | D:6      | 4012 ||| Stepping ~*~*~tactically~*~*~ (retreating).
  4013 | D:6      | 4013 ||| Stepping ~*~*~tactically~*~*~ (retreating).
  4014 | D:6      | 4014 ||| Stepping ~*~*~tactically~*~*~ (retreating).
  4015 | D:6      | 4015 ||| Stepping ~*~*~tactically~*~*~ (retreating).
  4016 | D:6      | 4016 ||| Stepping ~*~*~tactically~*~*~ (retreating).
  4017 | D:6      | 4017 ||| Stepping ~*~*~tactically~*~*~ (retreating).
  4018 | D:6      | 4018 ||| FLEEEEING.
  4019 | D:6      | 4019 ||| RETREATING.
  4019 | D:6      | Slain by an ogre

Levels and vault maps discovered:
D:1:      zelgadis_glass_arrival_small, layout_basic
D:2:      layout_basic, nicolae_elevator_lobby_asterisk
D:3:      layout_rooms, beargit_hepliaklqana_dungeon_heroes,
          lemuel_crystal_altar, mainiacjoe_overflow_cross_hatched,
          minmay_quantized, uniq_ijyb, uniq_sigmund
D:4:      layout_rooms, zin_purify
D:5:      layout_loops_ring, grunt_temple_overflow_cloverleaf,
          minmay_temple_entry_statues_fountains
D:6:      layout_cave_pools, marbit_many_paths, grunt_qazlal_sundering,
          hellmonk_ghost_happy_afterlife
Temple:   dpeg_chambers_temple

Skill      XL: |  1  2  3  4  5  6  7  8 |
---------------+-------------------------+-----
Ranged Weapons | 5 6 7 8 9 |  9.4
Armour         | 1 2 |  2.6
Fighting       | 3 4 5 6 |  6.1
Dodging        | 2 |  2.0
Stealth        | |  1.1

Action                     |  1- 3 |  4- 6 |  7- 9 || total
---------------------------+-------+-------+-------++-------
   Fire: Shortbow          |   102 |    70 |       ||   172
         Orcbow            |       |    16 |   226 ||   242
 Invoke: Heroism           |       |       |     1 ||     1
    Use: Scroll            |     9 |     6 |     6 ||    21
         Potion            |       |       |     3 ||     3
 Armour: Leather armour    |    11 |       |       ||    11
         Ring mail         |     1 |    29 |   128 ||   158
  Dodge: Dodged            |    13 |    23 |    96 ||   132
         Repelled          |     1 |       |       ||     1

Table legend:
 A = Non-vault XP
 B = Vault XP
 C = Vault XP percentage of total XP
 D = Non-vault monster count
 E = Vault monster count
 F = Vault count percentage of total count
                 A         B        C        D         E       F
            +---------+---------+-------+---------+---------+-------
      Total |    1766 |     261 |  12.9 |     102 |       6 |   5.6
            +---------+---------+-------+---------+---------+-------
        D:1 |      45 |       0 |   0.0 |      25 |       0 |   0.0
        D:2 |      32 |       0 |   0.0 |      14 |       0 |   0.0
        D:3 |      65 |     261 |  80.1 |      16 |       6 |  27.3
        D:4 |     227 |       0 |   0.0 |       4 |       0 |   0.0
        D:5 |     906 |       0 |   0.0 |      31 |       0 |   0.0
        D:6 |     491 |       0 |   0.0 |      12 |       0 |   0.0
            +---------+---------+-------+---------+---------+-------
